[Event "Late-Titled-Tuesday-Blitz-January-30-2024"]
[Site "Chess.com"]
[Date "2024.01.30"]
[Round "2"]
[White "xhembulla"]
[Black "Njal28"]
[Result "0-1"]
[WhiteElo "2637"]
[BlackElo "3037"]
[TimeControl "180+1"]
[EndTime "14:16:55 PST"]
[Termination "Njal28 won by resignation"]

1. e4 c5 2. c3 e5 3. Nf3 Nc6 4.
Bc4 Nf6 5. d3 Be7 6. O-O O-O 7.
Re1 h6 8. h3 d6 9. a4 Re8 10. Nbd2 Bf8 11. Nf1 Be6 12. Ng3 a6 13. Bxe6 Rxe6 14. Nf5 d5 15. Qe2 d4 16. g4 Nh7 17. h4 Qd7 18. Kg2 Rd8 19. c4 Na5 20. g5 Nb3 21. Rb1 h5 22. Bd2 g6 23.
Ng3 Nxd2 24. Nxd2 Qxa4 25. Rf1 Bd6 26. Kh2 Nf8 27. Rg1 Qd7 28. b3 Ree8 29. Qf3 Ne6 30. Nxh5 gxh5 31. g6 Nf4 32. gxf7+ Kxf7 33. Rg5 Rg8 34.
Rf5+ Ke7 35. Rxf4 exf4 36. e5 Bb8 37. e6 Qxe6 38. Ne4 Qg4 39. Re1 Qxf3 40. Ng5+ Qe3 41. fxe3 fxe3+ 0-1

[Event "Late-Titled-Tuesday-Blitz-January-30-2024"]
[Site "Chess.com"]
[Date "2024.01.30"]
[Round "2"]
[White "Durarbayli"]
[Black "dennisodessa"]
[Result "1-0"]
[WhiteElo "2909"]
[BlackElo "2598"]
[TimeControl "180+1"]
[EndTime "14:16:55 PST"]
[Termination "Durarbayli won by resignation"]

1. c4 Nf6 2. Nc3 e5 3. g3 Nc6 4. Bg2 Bc5 5. e3 a6 6. Nge2 Ba7 7. O-O O-O 8. d4 d6 9. h3 Re8 10. Kh2 h6 11. b3 exd4 12. exd4 Bf5 13. Be3 Ne4 14.
Nd5 Qd7 15. Bxh6 Ne7 16. Nxe7+ Qxe7 17. Be3 Qf6 18. Nf4 c6 19. Re1 Re7 20. d5 Nxf2 21. Bxf2 Bxf2 22. Rxe7 Qxe7 23. dxc6 Bxg3+ 24. Kxg3 Qg5+ 25. Kf3 Re8 26. Qd4 Qh4 27. cxb7 g5 28. Rg1 gxf4 29. Bf1+ Kf8 30. Qxd6+ Qe7 31. b8=Q Rxb8 32. Qxb8+ Qe8 33. Qxe8+ Kxe8 34. Kxf4 1-0

[Event "Late-Titled-Tuesday-Blitz-January-30-2024"]
[Site "Chess.com"]
[Date "2024.01.30"]
[Round "2"]
[White "vidavi"]
[Black "neri_gaite"]
[Result "1-0"]
[WhiteElo "2440"]
[BlackElo "2001"]
[TimeControl "180+1"]
[EndTime "14:16:57 PST"]
[Termination "vidavi won on time"]

1. e4 e6 2. d4 d5 3. Nd2 c5 4.
Ngf3 cxd4 5. exd5 Qxd5 6. Bc4 Qd7 7. O-O Nf6 8. Nb3 Nc6 9. Bb5 Qc7 10. Nbxd4 Bd7 11. Bg5 Nxd4 12. Nxd4 Be7 13. c3 O-O 14. Bd3 h6 15. Bh4 Rfd8 16. Bg3 Bd6 17. Bxd6 Qxd6 18. Qe2 a6 19. Rad1 Bc6 20. Bc2 Qc7 21. Qe3 Ng4 22. Qh3 Ne5 23. f4 Nc4 24. Nxe6 fxe6 25. Qxe6+ Qf7 26. Qxf7+ Kxf7 27. Bb3 b5 28. Kf2 Bd5 29.
Rd4 Be6 30. Rfd1 Rxd4 31. Rxd4 Ke7 32. Re4 Rd8 33. f5 Kf6 34. fxe6 Rd2+ 35. Kg3 Rxb2 36. e7 Nd6 37. Re6+ Kf7 38. Re2+ Ke8 39. Rxb2 Nf5+ 40.
Kf4 Nxe7 41. Rd2 a5 42. Ke5 Nc6+ 43. Kd6 Ne7 44. Re2 1-0

[Event "Late-Titled-Tuesday-Blitz-January-30-2024"]
[Site "Chess.com"]
[Date "2024.01.30"]
[Round "2"]
[White "Cambek64"]
[Black "Chemim21"]
[Result "1-0"]
[WhiteElo "2506"]
[BlackElo "2232"]
[TimeControl "180+1"]
[EndTime "14:17:02 PST"]
[Termination "Cambek64 won on time"]

1. e4 d5 2. Nc3 dxe4 3. Nxe4 Nf6 4. Ng3 g6 5. h3 Bg7 6. Nf3 O-O 7. Bc4 b6 8. O-O Bb7 9. Ne5 Nbd7 10. d4 c5 11. c3 cxd4 12. cxd4 Rc8 13. Bb3 Nxe5 14. dxe5 Qxd1 15.
Rxd1 Ne4 16. Nxe4 Bxe4 17. f4 Rfd8 18. Be3 g5 19. g3 gxf4 20. gxf4 e6 21. Rxd8+ Rxd8 22.
Rc1 Bf8 23. Kf2 h5 24. Rc7 Ra8 25. a4 h4 26. Bc4 Bd5 27. Bxd5 exd5 28. Bd4 Bb4 29.
Kf3 a6 30. Bxb6 Rb8 31. a5 Be1 32. Rd7 Rc8 33. Rxd5 Rc2 34. Bd8 Rxb2 35. Bf6 Kh7 36. f5 Rb3+ 37. Ke4 Bf2 38. Rd8 1-0

[Event "Late-Titled-Tuesday-Blitz-January-30-2024"]
[Site "Chess.com"]
[Date "2024.01.30"]
[Round "2"]
[White "Chempiblinka"]
[Black "santosalberto1987"]
[Result "0-1"]
[WhiteElo "2295"]
[BlackElo "2528"]
[TimeControl "180+1"]
[EndTime "14:17:04 PST"]
[Termination "santosalberto1987 won on time"]

1. Nf3 Nf6 2. g3 g6 3. Bg2 Bg7 4. c4 O-O 5. O-O c5 6. d4 cxd4 7. Nxd4 Nc6 8. Nc3 Ng4 9. e3 d6 10. b3 Bd7 11. Bb2 a6 12. Nd5 Nf6 13. Rc1 Nxd5 14. cxd5 Nxd4 15. Bxd4 Qa5 16. Bxg7 Kxg7 17. Qd4+ Kg8 18. Rfd1 Rfc8 19. Qb2 b5 20. h4 h5 21.
Bf3 b4 22. Kg2 Rxc1 23. Rxc1 Rc8 24. Rxc8+ Bxc8 25. Qc2 Bf5 26. Qc6 Qxa2 27. Qe8+ Kg7 28. Qxe7 Qxb3 29. Qxd6 Qc3 30. e4 Bg4 31. Bxg4 hxg4 32.
Qe7 b3 33. e5 Qf3+ 34. Kg1 b2 0-1

[Event "Late-Titled-Tuesday-Blitz-January-30-2024"]
[Site "Chess.com"]
[Date "2024.01.30"]
[Round "2"]
[White "Atousa"]
[Black "snowlord"]
[Result "0-1"]
[WhiteElo "2417"]
[BlackElo "2884"]
[TimeControl "180+1"]
[EndTime "14:17:06 PST"]
[Termination "snowlord won by checkmate"]

1. e4 c5 2. Nf3 Nc6 3. Nc3 g6 4. Bc4 Bg7 5. O-O d6 6. d3 Nf6 7. h3 O-O 8. Be3 a6 9. a4 e6 10. d4 d5 11. exd5 exd5 12. Be2 Nh5 13.
Re1 Re8 14. Qd2 cxd4 15. Nxd4 Nf4 16. Bf3 Ne6 17. Nxe6 Bxe6 18. Nxd5 Ne5 19. Be4 f5 20.
Bg5 Qd7 21. Nf6+ Bxf6 22. Qxd7 Nxd7 23. Bxf6 Nxf6 24. Bxb7 Ra7 25. Bc6 Ree7 26. b4 Bd5 27.
Bxd5+ Nxd5 28. b5 Rxe1+ 29. Rxe1 axb5 30. axb5 Nc3 31. Re5 Rb7 32. g4 Rxb5 33. Re8+ Kf7 34. Rh8 Kg7 35. Rc8 Ne2+ 36. Kf1 Nf4 37. gxf5 Rb1# 0-1

[Event "Late-Titled-Tuesday-Blitz-January-30-2024"]
[Site "Chess.com"]
[Date "2024.01.30"]
[Round "2"]
[White "C_K_G"]
[Black "el008"]
[Result "0-1"]
[WhiteElo "2151"]
[BlackElo "2483"]
[TimeControl "180+1"]
[EndTime "14:17:07 PST"]
[Termination "el008 won on time"]

1. e4 b6 2. Nf3 Bb7 3. Nc3 e6 4. d4 Bb4 5. Bd3 Nf6 6. Bg5 h6 7. Bxf6 Qxf6 8. O-O O-O 9. Ne2 Qd8 10. Ng3 Be7 11.
Re1 c5 12. c3 Nc6 13. Qe2 cxd4 14. cxd4 d5 15. e5 Nb4 16. Bb1 Ba6 17. Qe3 Rc8 18. Qd2 Qc7 19. a3 Nc2 20. Rc1 Nxa1 21. Rxc7 Rxc7 22.
Ne1 Nb3 23. Qe3 Bg5 24. f4 Be7 25. Qxb3 Rc1 26. Bd3 Bxd3 27. Qxd3 Rxe1+ 28. Kf2 Rc1 29. f5 Rfc8 30. f6 gxf6 31. Nh5 R8c2+ 32. Kg3 fxe5 33. dxe5 Rxb2 34. Kh3 Re1 35. Qg3+ Bg5 36. Nf6+ Kg7 37. Ng4 Rbe2 38. Qf3 Re3 39. Nxe3 Rxe3 40. Kg4 Rxf3 41. Kxf3 f6 42. exf6+ Kxf6 43. g3 Bc1 44. a4 a6 0-1

[Event "Late-Titled-Tuesday-Blitz-January-30-2024"]
[Site "Chess.com"]
[Date "2024.01.30"]
[Round "2"]
[White "pooh2012"]
[Black "oskariot"]
[Result "0-1"]
[WhiteElo "2470"]
[BlackElo "2744"]
[TimeControl "180+1"]
[EndTime "14:17:08 PST"]
[Termination "oskariot won by resignation"]

1. d4 Nf6 2. Nf3 c5 3. c4 cxd4 4. Nxd4 Nc6 5. Nc3 d6 6. g3 g6 7. Bg2 Bd7 8. O-O Bg7 9. Nc2 h5 10. Bg5 Nh7 11. Bd2 h4 12. Rb1 hxg3 13. hxg3 Nf6 14.
b4 Bh3 15. Bxh3 Rxh3 16. Kg2 Qd7 17. Rh1 Rxh1 18. Qxh1 O-O-O 19. Qh3 Ng4 20. f3 f5 21.
Qh7 Bxc3 22. Bxc3 Qe6 23. Re1 Qxc4 24. fxg4 Qxc3 25. b5 Qxc2 26. bxc6 Qxc6+ 27. Kg1 Qc3 28. Kf2 Qd4+ 29. e3 Qf6 30. gxf5 Qxf5+ 31. Kg2 Rf8 32. Qh3 Kd7 33. e4 Qxh3+ 34. Kxh3 Rf2 35. a3 Rf3 0-1

[Event "Late-Titled-Tuesday-Blitz-January-30-2024"]
[Site "Chess.com"]
[Date "2024.01.30"]
[Round "2"]
[White "WPWPWP-2015"]
[Black "Navyblue1"]
[Result "1-0"]
[WhiteElo "2487"]
[BlackElo "2167"]
[TimeControl "180+1"]
[EndTime "14:17:09 PST"]
[Termination "WPWPWP-2015 won on time"]

1. d4 Nf6 2. c4 g6 3. Nf3 Bg7 4. g3 O-O 5. Bg2 d6 6. O-O c6 7.
Re1 Qb6 8. Nbd2 Qa6 9. Qc2 b5 10.
e4 bxc4 11. Nxc4 d5 12. exd5 cxd5 13. Nfe5 Bb7 14. Qb3 Nc6 15. Nxc6 Bxc6 16. Ne5 Rab8 17. Qd1 e6 18. b3 Nd7 19. Bf4 Nxe5 20. Bxe5 Bxe5 21.
Rxe5 Rfc8 22. h4 Be8 23. h5 f6 24. Re3 Bf7 25. Qf3 f5 26. h6 Qa3 27. Qf4 Rc1+ 28.
Kh2 Rbc8 29. Rxc1 Rxc1 30. g4 Qf8 31. g5 Rc6 32. Kg1 Qd6 33. Qxd6 Rxd6 34. Rc3 Be8 35. Rc8 Kf7 36. Bf1 1-0

[Event "Late-Titled-Tuesday-Blitz-January-30-2024"]
[Site "Chess.com"]
[Date "2024.01.30"]
[Round "2"]
[White "FairChess_on_YouTube"]
[Black "Mackster23"]
[Result "1-0"]
[WhiteElo "3086"]
[BlackElo "2659"]
[TimeControl "180+1"]
[EndTime "14:17:11 PST"]
[Termination "FairChess_on_YouTube won by resignation"]

1. e4 c5 2. Nc3 d6 3. Nge2 Nf6 4. h3 g6 5. g4 Bg7 6. Bg2 Nc6 7.
d3 O-O 8. Be3 Rb8 9. Qd2 b5 10.
Bh6 b4 11. Nd5 e6 12. Bxg7 Kxg7 13. Ne3 Nd4 14. f4 Ba6 15. O-O Nxe2+ 16. Qxe2 d5 17. e5 Nd7 18. g5 h5 19. gxh6+ Kxh6 20. Qg4 d4 21. Nd1 Kg7 22. Nf2 Rh8 23. Ne4 Bb7 24.
Nd6 Bxg2 25. Qxg2 Qh4 26. Rf3 Nb6 27. f5 Rhf8 28. Raf1 Nd5 29. f6+ Kg8 30. Rg3 Qh6 31.
Rg5 Ne3 32. Qg3 Nxf1 33. Kxf1 Rbd8 34. h4 Kh8 35. Qg4 Rxd6 36. exd6 Rd8 37. Qf4 Qf8 38. Rxc5 Qxd6 39. Qh6+ 1-0

[Event "Late-Titled-Tuesday-Blitz-January-30-2024"]
[Site "Chess.com"]
[Date "2024.01.30"]
[Round "2"]
[White "MetiForce"]
[Black "The_Straightforward_Rook"]
[Result "1-0"]
[WhiteElo "2861"]
[BlackElo "2417"]
[TimeControl "180+1"]
[EndTime "14:17:11 PST"]
[Termination "MetiForce won by resignation"]

1. e4 c6 2. Nf3 d5 3. Nc3 dxe4 4. Nxe4 Nf6 5. Qe2 Nxe4 6. Qxe4 Qd5 7. Qh4 Qe6+ 8. Be2 Qg4 9. b3 Qxh4 10. Nxh4 e5 11.
Bb2 Be7 12. Nf3 e4 13. Ne5 O-O 14. O-O-O Nd7 15. Rhe1 Re8 16. Nc4 Bf6 17. f3 Bxb2+ 18. Kxb2 exf3 19. Bxf3 Rxe1 20. Rxe1 Nf6 21. Na5 Kf8 22.
d4 Rb8 23. c4 Bg4 24. Bxg4 Nxg4 25. h3 Nf6 26. Kc3 h5 27. a4 Nd7 28. b4 Nb6 29. Kb3 Rd8 30. Re4 Rd7 31. g4 hxg4 32.
hxg4 Nc8 33. b5 cxb5 34. axb5 Nd6 35. Rf4 g5 36. Rf1 Ne4 37. Rd1 Nf2 38. Rd2 Nxg4 39. d5 Ne5 40. c5 b6 41. Nc6 Nxc6 42. bxc6 Rd8 43. c7 Rc8 44. d6 bxc5 45. d7 Rxc7 1-0

[Event "Late-Titled-Tuesday-Blitz-January-30-2024"]
[Site "Chess.com"]
[Date "2024.01.30"]
[Round "2"]
[White "Road2GM3000"]
[Black "ogpin"]
[Result "1-0"]
[WhiteElo "2502"]
[BlackElo "2224"]
[TimeControl "180+1"]
[EndTime "14:17:11 PST"]
[Termination "Road2GM3000 won by checkmate"]

1. d4 Nf6 2. c4 e6 3. Nc3 Bb4 4.
Nf3 O-O 5. Bg5 h6 6. Bh4 d6 7. e3 Nbd7 8. Bd3 e5 9. O-O Bxc3 10.
bxc3 g5 11. Nxg5 hxg5 12. Bxg5 Kg7 13. f4 exd4 14. cxd4 Qe8 15. Qf3 Rh8 16. e4 Nh7 17. Bh4 Ndf6 18. e5 Ng4 19. f5 Nxe5 20. dxe5 Qxe5 21.
Rae1 Qd4+ 22. Bf2 Qf6 23. Qg4+ Qg5 24. Bd4+ f6 25. Re7+ Kf8 26. Qe4 Rg8 27. Re8+ Kg7 28. Qe7+ Kh8 29. Rxg8+ Qxg8 30. Rf3 c5 31. Bxf6+ Nxf6 32.
Qxf6+ Qg7 33. Rh3+ Kg8 34. Rg3 Qxg3 35. hxg3 Bd7 36.
Qxd6 Bc6 37. f6 Re8 38. Bg6 Rf8 39. Qe7 b5 40. Qg7# 1-0

[Event "Late-Titled-Tuesday-Blitz-January-30-2024"]
[Site "Chess.com"]
[Date "2024.01.30"]
[Round "2"]
[White "Bala-Afiada"]
[Black "ural58"]
[Result "0-1"]
[WhiteElo "2020"]
[BlackElo "2451"]
[TimeControl "180+1"]
[EndTime "14:17:11 PST"]
[Termination "ural58 won by resignation"]

1. d4 d5 2. c4 e5 3. dxe5 d4 4. Nf3 Nc6 5. g3 Nge7 6. Bg2 Ng6 7. O-O Ngxe5 8. Bf4 Ng6 9. Bg5 f6 10. Bd2 h5 11. h4 Bg4 12. Qc2 Kf7 13. Na3 Bxa3 14. bxa3 Rb8 15. Rfe1 Re8 16. Rab1 Qd7 17. Rb5 Nce7 18.
Qd3 c6 19. Rbb1 Bf5 20. Qb3 Bxb1 21. Rxb1 c5 22. Qd3 Nc6 23. e3 Rbd8 24. exd4 Nxd4 25.
Nxd4 Qxd4 26. Rxb7+ Re7 27. Rxe7+ Nxe7 28. Qxd4 Rxd4 29.
Be3 Rxc4 30. g4 hxg4 31. Kh2 Rc2 32. Kg3 Nf5+ 33. Kf4 Nxe3 34. Kxe3 Rc3+ 35. Kd2 Rxa3 36. Bd5+ Ke7 37. Kc2 Rh3 38. h5 Rxh5 39. Be4 Rh2 40. Kc3 Rxf2 41. Bd5 g3 42. Kc4 g2 0-1

[Event "Late-Titled-Tuesday-Blitz-January-30-2024"]
[Site "Chess.com"]
[Date "2024.01.30"]
[Round "2"]
[White "GM4life"]
[Black "BardArtem"]
[Result "1-0"]
[WhiteElo "2566"]
[BlackElo "2784"]
[TimeControl "180+1"]
[EndTime "14:17:13 PST"]
[Termination "GM4life won on time"]

1. d4 Nf6 2. c4 b6 3. Nc3 Bb7 4. a3 g6 5. d5 Bg7 6. Nf3 O-O 7. g3 e6 8. Bg2 exd5 9. cxd5 Re8 10. O-O d6 11. Bf4 Nbd7 12. Rc1 Nc5 13. Nd4 Nfe4 14. Nxe4 Nxe4 15. f3 Nc5 16. b4 Bxd4+ 17. Qxd4 Nb3 18.
Qc4 Nxc1 19. Rxc1 Qe7 20. e4 Rac8 21. h4 c6 22. dxc6 Rxc6 23. Qf1 Rxc1 24. Qxc1 Rc8 25.
Qd2 Qc7 26. Kh2 Ba6 27. Qd4 Qc3 28. Qxd6 Qxa3 29. Qf6 Kf8 30. Bd6+ Kg8 31. Be5 Kf8 32. Qg7+ Ke8 33. Bd6 Qa2 34. Qf8+ Kd7 35. Qe7+ Kc6 36. Bf4 Bf1 37. Qd6+ Kb7 38. Qd7+ Rc7 39. Qxc7+ Ka6 40.
Qc8+ Kb5 41. Qd7+ Ka6 42. Qd2 1-0

[Event "Late-Titled-Tuesday-Blitz-January-30-2024"]
[Site "Chess.com"]
[Date "2024.01.30"]
[Round "2"]
[White "traviscottofficial"]
[Black "VladimirKramnik"]
[Result "0-1"]
[WhiteElo "2605"]
[BlackElo "2941"]
[TimeControl "180+1"]
[EndTime "14:17:15 PST"]
[Termination "VladimirKramnik won by checkmate"]

1. e4 c5 2. Nf3 d6 3. d4 cxd4 4.
Nxd4 Nf6 5. Nc3 a6 6. Be3 e5 7. Nf3 Be7 8. Bc4 O-O 9. O-O Nc6 10. a3 Be6 11. Qe2 Rc8 12. Ba2 Bxa2 13. Rxa2 d5 14. exd5 Nxd5 15. Nxd5 Qxd5 16. Raa1 f5 17. Rfd1 Qe6 18.
Bg5 e4 19. Bxe7 Qxe7 20. Nd4 Ne5 21. b3 Rc3 22. Rd2 Qf6 23. Rad1 h6 24. Qe1 Rfc8 25. a4 Kh7 26. Qe2 Qg6 27. Kh1 f4 28.
Qe1 f3 29. g3 Ng4 30. Qf1 Qh5 31. h3 e3 32. fxe3 Nxe3 33. Qf2 Qxh3+ 34. Kg1 Ng4 35. Qf1 f2+ 36. Rxf2 Rxg3+ 37. Rg2 Qh2# 0-1

[Event "Late-Titled-Tuesday-Blitz-January-30-2024"]
[Site "Chess.com"]
[Date "2024.01.30"]
[Round "2"]
[White "TimGrutter03"]
[Black "tptagain"]
[Result "0-1"]
[WhiteElo "2598"]
[BlackElo "2916"]
[TimeControl "180+1"]
[EndTime "14:17:15 PST"]
[Termination "tptagain won on time"]

1. e4 c6 2. e5 d6 3. exd6 Qxd6 4. d4 e5 5. Nf3 e4 6. Ne5 Nf6 7. Bc4 Be6 8. O-O Bxc4 9. Nxc4 Qe6 10. Ne3 Bd6 11. c4 O-O 12. Nc3 Na6 13. b3 Rad8 14.
Bb2 Nb4 15. d5 Qe5 16. g3 Nd3 17. Qe2 Nxb2 18. Qxb2 cxd5 19. cxd5 Bb4 20. Rac1 Nxd5 21. Nexd5 Rxd5 22. a3 Be7 23. Qe2 Rd4 24. b4 f5 25. Rfe1 a6 26. f3 Bd6 27. fxe4 f4 28. gxf4 Qxf4 29. e5 Rd2 30. Rf1 Qg5+ 0-1

[Event "Late-Titled-Tuesday-Blitz-January-30-2024"]
[Site "Chess.com"]
[Date "2024.01.30"]
[Round "2"]
[White "Lennis93"]
[Black "MaxLeto"]
[Result "1-0"]
[WhiteElo "2703"]
[BlackElo "2405"]
[TimeControl "180+1"]
[EndTime "14:17:15 PST"]
[Termination "Lennis93 won by checkmate"]

1. c4 e5 2. Nc3 Nc6 3. g3 g6 4.
Bg2 Bg7 5. Rb1 Nge7 6. b4 O-O 7. b5 Nd4 8. e3 Ne6 9. Nge2 c6 10. Ba3 Re8 11. O-O Nf5 12. d3 d6 13.
Qb3 Qc7 14. Rfd1 Bd7 15. Ne4 c5 16. N2c3 Rad8 17. Nd5 Qb8 18. b6 Bc6 19. Nec3 axb6 20. Nxb6 Qa7 21. Bb2 h5 22. a4 h4 23. Ncd5 hxg3 24.
hxg3 Ne7 25. Ra1 Qb8 26. a5 Nc7 27. Nxe7+ Rxe7 28. Bxc6 bxc6 29. Qa4 Qb7 30. Bc3 Na6 31. Rdb1 Qc7 32. Rb2 d5 33. cxd5 cxd5 34. Qb5 Qa7 35. e4 c4 36. Nxd5 Red7 37. dxc4 Nc5 38. Re2 Rb7 39.
Nb6 Ne6 40. Bxe5 Bxe5 41. Qxe5 Nd4 42. Re3 Rxb6 43. Kg2 Re6 44. Qg5 Rc8 45. Rh1 Rxc4 46. Qh6 f6 47. Qh8+ Kf7 48. Rh7# 1-0

[Event "Late-Titled-Tuesday-Blitz-January-30-2024"]
[Site "Chess.com"]
[Date "2024.01.30"]
[Round "2"]
[White "rhungaski"]
[Black "Meri-Arabidze"]
[Result "0-1"]
[WhiteElo "2509"]
[BlackElo "2750"]
[TimeControl "180+1"]
[EndTime "14:17:16 PST"]
[Termination "Meri-Arabidze won on time"]

1. e4 c5 2. Nf3 e6 3. d4 cxd4 4.
Nxd4 Nc6 5. Nb5 d6 6. c4 Nf6 7. N1c3 a6 8. Na3 Be7 9. Be2 O-O 10. O-O b6 11. Bf4 Bb7 12. Re1 Rc8 13. Bf1 Ne5 14. Rc1 Qc7 15. h3 Rfd8 16. Qd2 h6 17. Bh2 Qb8 18. Qe3 Bc6 19. b4 Qb7 20. b5 axb5 21. cxb5 Be8 22. Na4 Ned7 23. Nc4 Nxe4 24.
Ncxb6 Rxc1 25. Rxc1 Bg5 26. f4 Bf6 27. Bd3 Ndc5 28.
Bxe4 Nxe4 29. f5 e5 30. Qd3 d5 31. Kf1 d4 32. Bg1 Bg5 33. Rc2 Nd6 34. Qf3 Bxb5+ 35. Ke1 e4 36. Qb3 d3 37. Rc5 e3 0-1

[Event "Late-Titled-Tuesday-Blitz-January-30-2024"]
[Site "Chess.com"]
[Date "2024.01.30"]
[Round "2"]
[White "AungTZ"]
[Black "Flaccidmoves"]
[Result "0-1"]
[WhiteElo "2073"]
[BlackElo "2460"]
[TimeControl "180+1"]
[EndTime "14:17:16 PST"]
[Termination "Flaccidmoves won on time"]

1. e4 g6 2. d4 Bg7 3. Nf3 d6 4. c4 Bg4 5. Be2 Bxf3 6. Bxf3 Nc6 7. Be3 e5 8. d5 Nd4 9. Bxd4 exd4 10. Nd2 c6 11.
O-O Ne7 12. Re1 O-O 13. b4 a5 14. a3 axb4 15. axb4 Qb6 16. Rb1 Ra2 17. c5 dxc5 18. bxc5 Qxc5 19. Rxb7 cxd5 20. Nb3 Qa3 21. exd5 Nf5 22.
g3 h5 23. h4 Bf6 24. Be4 Qb2 25.
Qf3 Re8 26. Nc5 Qd2 27. Nd3 Kg7 0-1

[Event "Late-Titled-Tuesday-Blitz-January-30-2024"]
[Site "Chess.com"]
[Date "2024.01.30"]
[Round "2"]
[White "Iuckyducky"]
[Black "JulAnt"]
[Result "0-1"]
[WhiteElo "2313"]
[BlackElo "2537"]
[TimeControl "180+1"]
[EndTime "14:17:17 PST"]
[Termination "JulAnt won by resignation"]

1. d4 Nf6 2. c4 c5 3. Nf3 cxd4 4. Nxd4 Nc6 5. Nc3 g6 6. g3 Bg7 7. Bg2 O-O 8. O-O a6 9. b3 Nxd4 10. Qxd4 d6 11. Bb2 Rb8 12. e4 b5 13. Rac1 Be6 14.
cxb5 axb5 15. Rfd1 Qa5 16. Qd2 b4 17. Na4 Rfc8 18.
h4 h5 19. Rxc8+ Rxc8 20. Rc1 Rxc1+ 21. Qxc1 Ng4 22. Qc6 Bxb2 23. Nxb2 Qxa2 24. Nd1 Qb1 25. Bf3 Bxb3 26. Qe8+ Kg7 27. Bxg4 hxg4 28. Qxe7 Qxd1+ 29. Kh2 Qf3 30. Qa7 Be6 31. Qd4+ Qf6 32. Qxd6 Qxf2+ 33. Kh1 Qf3+ 34. Kh2 Qxe4 35. Qb6 Qe2+ 36. Kg1 Qe1+ 37. Kh2 Qd2+ 38. Kg1 b3 39. Qb7 Qd1+ 0-1

[Event "Late-Titled-Tuesday-Blitz-January-30-2024"]
[Site "Chess.com"]
[Date "2024.01.30"]
[Round "2"]
[White "RichardShtivelband"]
[Black "Noki102"]
[Result "1-0"]
[WhiteElo "2316"]
[BlackElo "2515"]
[TimeControl "180+1"]
[EndTime "14:17:19 PST"]
[Termination "RichardShtivelband won by checkmate"]

1. d4 d5 2. c4 c6 3. Nf3 Nf6 4. Nc3 e6 5. g3 Nbd7 6. Bg2 Be7 7. O-O O-O 8. b3 b6 9. Qc2 Bb7 10. e4 dxe4 11. Nxe4 Nxe4 12. Qxe4 Nf6 13. Qe2 c5 14.
Rd1 cxd4 15. Nxd4 Qc7 16. Bf4 Qc8 17. Nb5 Bxg2 18. Kxg2 Qb7+ 19. Qf3 Qxf3+ 20. Kxf3 a6 21. Nd4 Bc5 22. Nc6 Rfc8 23. Ne5 h6 24. Nd7 Nxd7 25. Rxd7 a5 26. Rad1 a4 27. Be3 axb3 28. axb3 Ra3 29. R1d3 g5 30. Bxc5 Rxc5 31. Rb7 Rf5+ 32.
Kg2 Ra2 33. Rf3 Rxf3 34. Kxf3 Ra6 35. b4 Kg7 36. Ke4 Kf6 37. g4 Kg6 38. h3 f5+ 39. Ke5 h5 40. f3 hxg4 41. hxg4 fxg4 42. fxg4 Ra1 43. Rxb6 Re1+ 44. Kd6 Rg1 45. c5 Rxg4 46. c6 Rc4 47. c7 Rd4+ 48. Kc5 Rd1 49. Rc6 Rc1+ 50.
Kb6 Rb1 51. b5 g4 52. c8=Q g3 53. Qxe6+ Kg5 54. Qe5+ Kg4 55. Qe4+ Kh3 56. Rh6# 1-0

[Event "Late-Titled-Tuesday-Blitz-January-30-2024"]
[Site "Chess.com"]
[Date "2024.01.30"]
[Round "2"]
[White "rcmz"]
[Black "ACollins05"]
[Result "1-0"]
[WhiteElo "2138"]
[BlackElo "2455"]
[TimeControl "180+1"]
[EndTime "14:17:19 PST"]
[Termination "rcmz won by checkmate"]

1. b4 e5 2. Bb2 Bxb4 3. Bxe5 Nf6 4. c4 Be7 5. Nf3 d6 6. Bb2 O-O 7. e3 d5 8. cxd5 Nxd5 9. Be2 Bf6 10. d4 c5 11. O-O Nc6 12. Bb5 cxd4 13. Bxc6 bxc6 14. Bxd4 Bg4 15. Bxf6 Qxf6 16. Nbd2 Rad8 17. Qb3 Qc3 18. Qa4 Nb6 19. Qxg4 Rxd2 20. Nxd2 Qxd2 21. Rfd1 Qb2 22. Qd4 Qb5 23. a4 Qg5 24. a5 Nd5 25. Qc5 Qg6 26.
Rac1 Nf6 27. Qxc6 Qh5 28. Qc5 Qh4 29. Qf5 g6 30. Qf4 Qxf4 31. exf4 Re8 32. Rc7 Re2 33.
f3 Nh5 34. g3 Re3 35. Kf2 Ra3 36. Rxa7 Ra2+ 37. Kg1 Ng7 38. Rdd7 Nf5 39. Rxf7 Nd4 40.
Rg7+ Kf8 41. Rxh7 Nxf3+ 42. Kf1 Nd2+ 43. Ke2 Nc4+ 44. Kd3 Nb2+ 45. Kc3 Kg8 46. Rhg7+ Kf8 47. Kb3 Ra1 48. Kxb2 Rh1 49. Rh7 Kg8 50. Rag7+ Kf8 51. a6 Re1 52. a7 Re2+ 53. Kb3 Re3+ 54. Kb4 Re4+ 55. Kb5 Re8 56. Rb7 Kg8 57. Rb8 Kxh7 58. Rxe8 g5 59. a8=Q gxf4 60. Qe4+ Kg7 61. Qxf4 Kh7 62.
Qf7+ Kh6 63. h3 Kg5 64. Re5+ Kh6 65. Rh5# 1-0

[Event "Late-Titled-Tuesday-Blitz-January-30-2024"]
[Site "Chess.com"]
[Date "2024.01.30"]
[Round "2"]
[White "Witik"]
[Black "sansanathalia"]
[Result "1-0"]
[WhiteElo "2649"]
[BlackElo "2391"]
[TimeControl "180+1"]
[EndTime "14:17:20 PST"]
[Termination "Witik won on time"]

1. d4 Nf6 2. c4 e6 3. Nf3 d5 4. Nc3 Bb4 5. cxd5 exd5 6. Bg5 h6 7. Bh4 g5 8. Bg3 Ne4 9. Nd2 Nxc3 10. bxc3 Bxc3 11. Rc1 Ba5 12. h4 Nc6 13. e3 Bd7 14. Bd3 g4 15. O-O Qf6 16. Nb3 Bb6 17. Nc5 Bxc5 18. Rxc5 a6 19. Rxd5 O-O-O 20. Qc2 Kb8 21. Rb1 Ka7 22. Bxc7 Be6 23. Bxd8 Rxd8 24. Qc5+ Ka8 25.
Bxa6 Rxd5 26. Bxb7+ Kb8 27. Bxc6+ Kc7 28. Bxd5+ 1-0

[Event "Late-Titled-Tuesday-Blitz-January-30-2024"]
[Site "Chess.com"]
[Date "2024.01.30"]
[Round "2"]
[White "Ali_rastbod"]
[Black "carloseduar100"]
[Result "0-1"]
[WhiteElo "2682"]
[BlackElo "2318"]
[TimeControl "180+1"]
[EndTime "14:17:22 PST"]
[Termination "carloseduar100 won by resignation"]

1. d4 d5 2. c4 e5 3. dxe5 d4 4. Nf3 Nc6 5. a3 Nge7 6. g3 Ng6 7. Bg2 Bg4 8. O-O Qd7 9. b4 Ncxe5 10. Nxe5 Nxe5 11. Bb2 O-O-O 12. Nd2 d3 13. Nf3 Nxc4 14.
Bc3 dxe2 15. Qxe2 Qd3 16. Qxd3 Rxd3 17. Ne5 Rxc3 18. Nxg4 Rxa3 19. Rac1 b5 20. Bd5 Bxb4 21. Bxf7 Nd2 22. Rfd1 h5 23. Ne5 Nf3+ 24. Nxf3 Rxf3 25.
Be6+ Kb8 26. Rd7 Bd6 27. Rxg7 a5 28. Bd5 Rf5 29. Be4 Re5 30. Bg2 a4 31. Rc6 a3 32.
Ra6 Re1+ 33. Bf1 Kb7 34. Ra5 Rxf1+ 35. Kxf1 Kb6 0-1

[Event "Late-Titled-Tuesday-Blitz-January-30-2024"]
[Site "Chess.com"]
[Date "2024.01.30"]
[Round "2"]
[White "Alex_Sahakyan2006"]
[Black "ccccvhhhj"]
[Result "1-0"]
[WhiteElo "2860"]
[BlackElo "2416"]
[TimeControl "180+1"]
[EndTime "14:17:22 PST"]
[Termination "Alex_Sahakyan2006 won on time"]

1. e4 e6 2. d4 d5 3. exd5 exd5 4. Nc3 c6 5. Nf3 Bg4 6. Bd3 Be7 7. Ne2 Nd7 8. Ng3 Ngf6 9. h3 Be6 10. O-O O-O 11. Nf5 Bxf5 12. Bxf5 Bd6 13. Re1 Qc7 14.
Bg5 Rfe8 15. Qd3 Bf4 16. Bh4 h6 17. Bxd7 Nxd7 18. Qf5 Nf8 19. Ne5 Bxe5 20. dxe5 Ne6 21. Qg4 Kh8 22. f4 Qb6+ 23. Kh1 Qd4 24. Bg3 Nc5 25.
Rad1 Qxb2 26. f5 Ne4 27. Rxe4 dxe4 28. f6 g6 29. Qh4 Kh7 30. Bf4 h5 31. Qg5 Kg8 32.
Qh6 1-0

[Event "Late-Titled-Tuesday-Blitz-January-30-2024"]
[Site "Chess.com"]
[Date "2024.01.30"]
[Round "2"]
[White "ilushka"]
[Black "yobdc"]
[Result "0-1"]
[WhiteElo "2367"]
[BlackElo "2565"]
[TimeControl "180+1"]
[EndTime "14:17:22 PST"]
[Termination "yobdc won on time"]

1. e4 c6 2. Nf3 d5 3. Nc3 dxe4 4. Nxe4 Nf6 5. Nxf6+ exf6 6. d4 Bd6 7. Bd3 O-O 8. Be3 Bg4 9. h3 Bxf3 10. Qxf3 Nd7 11. O-O-O Qa5 12. Kb1 Nb6 13. g4 Na4 14. Qf5 Qxf5 15.
gxf5 Rfe8 16. h4 Nb6 17. c4 Bf8 18. h5 Nd7 19. Rhg1 c5 20. Bc2 cxd4 21. Bxd4 Ne5 22. Rg3 Rad8 23. Bxa7 Rxd1+ 24. Bxd1 Nxc4 25. Bd4 Rd8 26. Rg4 Ne5 27. Be2 Bd6 28. Re4 Kf8 0-1